 Dungeon Sprint DCSS version 0.17.1-3-g152610e (webtiles) character file.

1021 manyhoops the Grappler (level 8, -5/96 HPs)
             Began as a Troll Berserker on Apr 19, 2016.
             Was an Elder of Trog.
             Slain by a demonic crawler (6 damage)
             ... in the Dungeon (Sprint I: "Red Sonja").
             The game lasted 00:01:33 (246 turns).

manyhoops the Grappler (Troll Berserker)             Turns: 246, Time: 00:01:33

Health: -5/96      AC:  5    Str: 28    XL:     8   Next: 2%
Magic:  7/7        EV: 10    Int:  3    God:    Trog [****..]
Gold:   216        SH:  0    Dex:  9    Spells: 0 memorised, 7 levels left

rFire  . . .     SeeInvis .       - Unarmed
rCold  . . .     Clarity  .     a - +0 animal skin
rNeg   . . .     SustAt   .     (no shield)
rPois  .         Gourm    +     (helmet restricted)
rElec  .         Spirit   .     (no cloak)
rCorr  .         Warding  .     (gloves unavailable)
rMut   .         NoTele   +     (boots unavailable)
MR     .....                    (no amulet)
Stlth  +.........               (no ring)
                                (no ring)

@: exhausted, slowed, very slow, not resistant to hostile enchantments, very
unstealthy
A: unfitting armour, claws 3, fast metabolism 3, gourmand, regeneration 2,
shaggy fur 1, tough skin 2
a: Berserk, Trog's Hand, Brothers in Arms, Burn Spellbooks, Renounce Religion


You were in the Dungeon.
You worshipped Trog.
Trog was greatly pleased with you.
You were very full.

You visited 1 branch You collected 216 gold pieces.

Inventory:

Armour
 a - a +0 animal skin (worn)
Scrolls
 h - a scroll of blinking
Potions
 c - a potion of curing
 d - a potion of heal wounds
 e - a potion of haste
 f - 2 potions of magic
 g - a potion of berserk rage
Comestibles
 b - 2 bread rations


   Skills:
 + Level 10.7 Fighting
 - Level 2.4 Dodging
 + Level 12.4 Unarmed Combat


You had 7 spell levels left.
You didn't know any spells.

Dungeon Overview and Level Annotations

Branches:
Dungeon (1/1)

Altars:
Cheibriados
Dithmenos
Fedhas
Sif Muna
Vehumet
Jiyva


Innate Abilities, Weirdness & Mutations

You are too large for most types of armour.
You have claws for hands.
Your metabolism is lightning-fast.
You like to eat raw meat.
You heal very quickly.
You are covered in fur (AC +1).
You have very tough skin (AC +2).


Message History

The demonic crawler barely misses you.
Things that are here:
a dagger; a robe The demonic crawler hits you!
* * * LOW HITPOINT WARNING * * *
The demonic crawler hits you!
* * * LOW HITPOINT WARNING * * *
The demonic crawler closely misses you. The demonic crawler hits you.
* * * LOW HITPOINT WARNING * * *
The demonic crawler hits you but does no damage.
The demonic crawler barely misses you.
There is an open door, spattered with blood here.
Things that are here:
a dagger; a robe; a kobold corpse The demonic crawler hits you!
* * * LOW HITPOINT WARNING * * *
The demonic crawler hits you.
* * * LOW HITPOINT WARNING * * *
The demonic crawler hits you.
You die...

#########################
<.#..').#..'..#__#s.'...#
..'[.#..').#..'.@sss#...#
..#####+#####'#__####
..'.. ..# #(#### ##.. ..#
##)# # ..# #+#..+ ⌠⌠#
+..._# ### #_.#+# ##+#


You could see 4 demonic crawlers.

Vanquished Creatures
  2 kobold demonologists (D)
  A slime creature (D)
  Sigmund (D)
  An ogre (D)
  A jelly (D)
  Ijyb (D)
  A giant eyeball (D)
8 creatures vanquished.

Notes
Turn   | Place    | Note
--------------------------------------------------------------
     0 | D        | manyhoops the Troll Berserker began the quest for the Orb.
     0 | D        | Reached XP level 1. HP: 22/22 MP: 0/0
     2 | D        | Noticed Ijyb
    11 | D        | Killed Ijyb
    11 | D        | Reached skill level 4 in Fighting
    11 | D        | Reached skill level 5 in Unarmed Combat
    11 | D        | Reached XP level 2. HP: 26/32 MP: 1/1
    41 | D        | Noticed an ogre
    46 | D        | Killed an ogre
    46 | D        | Reached ** piety under Trog
    46 | D        | Reached skill level 6 in Fighting
    46 | D        | Reached skill level 7 in Unarmed Combat
    46 | D        | Reached XP level 3. HP: 8/44 MP: 2/2
    46 | D        | Reached XP level 4. HP: 9/52 MP: 3/3
   122 | D        | Noticed Sigmund
   128 | D        | Killed Sigmund
   128 | D        | Reached skill level 9 in Unarmed Combat
   128 | D        | Reached XP level 5. HP: 63/63 MP: 4/4
   128 | D        | Reached XP level 6. HP: 72/72 MP: 5/5
   169 | D        | Found a deep blue altar of Sif Muna.
   172 | D        | Noticed a jelly
   173 | D        | Found a radiant altar of Vehumet.
   180 | D        | Killed a jelly
   189 | D        | Found a snail-covered altar of Cheibriados.
   189 | D        | Found a viscous altar of Jiyva.
   189 | D        | Found a shadowy altar of Dithmenos.
   189 | D        | Found a blossoming altar of Fedhas.
   189 | D        | Noticed a slime creature
   195 | D        | Killed a slime creature
   195 | D        | Reached *** piety under Trog
   195 | D        | Reached skill level 10 in Unarmed Combat
   211 | D        | Noticed a kobold demonologist
   212 | D        | Noticed a kobold demonologist
   215 | D        | Paralysed by a giant eyeball for 3 turns
   219 | D        | Noticed a blue devil
   227 | D        | Killed a kobold demonologist
   227 | D        | Reached skill level 10 in Fighting
   227 | D        | Reached skill level 11 in Unarmed Combat
   227 | D        | Reached XP level 7. HP: 85/85 MP: 6/6
   236 | D        | Noticed a blue devil
   236 | D        | Killed a kobold demonologist
   236 | D        | Reached **** piety under Trog
   236 | D        | Reached skill level 12 in Unarmed Combat
   236 | D        | Reached XP level 8. HP: 96/96 MP: 7/7
   238 | D        | Noticed a demonic crawler
   238 | D        | Noticed a demonic crawler
   238 | D        | Noticed a demonic crawler
   238 | D        | Noticed a demonic crawler
   238 | D        | Paralysed by a giant eyeball for 2 turns
   246 | D        | HP: 4/96 [demonic crawler (8)]
   246 | D        | HP: 1/96 [demonic crawler (3)]
   246 | D        | Slain by a demonic crawler

Action                   |  1- 3 |  4- 6 |  7- 9 || total
-------------------------+-------+-------+-------++-------
Melee: Unarmed           |    12 |    22 |    11 ||    45
Invok: Berserk           |     1 |     2 |       ||     3
  Eat: Chunk             |     3 |     6 |       ||     9
